 Dungeon Crawl Stone Soup version 0.19.0-2-gae57169 (console) character file.

1211 Kloppie the Skirmisher (level 8, -6/78 HPs)
             Began as a Kobold Berserker on Nov 6, 2016.
             Was a Priest of Trog.
             Mangled by an orc warrior
             ... wielding a +0 battleaxe
              (13 damage)
             ... on level 6 of the Dungeon.
             The game lasted 00:08:19 (4734 turns).

Kloppie the Skirmisher (Kobold Berserker)           Turns: 4734, Time: 00:08:20

Health: -6/78      AC:  8    Str: 20    XL:     8   Next: 74%
Magic:  8/8        EV: 14    Int:  8    God:    Trog [***...]
Gold:   167        SH:  0    Dex: 16    Spells: 0 memorised, 7 levels left

rFire  . . .     SeeInvis .     a - +0 mace
rCold  . . .     Gourm    .     e - +0 scale mail
rNeg   . . .     Faith    .     (shield restricted)
rPois  .         Spirit   .     k - +0 helmet
rElec  .         Reflect  .     (no cloak)
rCorr  .         Harm     .     (no gloves)
MR     .....                    (no boots)
Stlth  ..........               (no amulet)
                                (no ring)
                                b - +1 ring of evasion

@: berserking, very quick
A: carnivore 3
a: Berserk, Trog's Hand, Burn Spellbooks, Renounce Religion


You were on level 6 of the Dungeon.
You worshipped Trog.
Trog was most pleased with you.
You were not hungry.

You visited 1 branch of the dungeon, and saw 6 of its levels.

You collected 167 gold pieces.

Inventory:

Hand Weapons
 a - a +0 mace (weapon)
Armour
 e - a +0 scale mail (worn)
 k - a +0 helmet (worn)
Jewellery
 b - a +1 ring of evasion (left hand)
Wands
 f - a wand of disintegration (14/24)
Scrolls
 h - a scroll of noise {unknown}
 i - a scroll of enchant armour {unknown}
 j - a scroll of random uselessness {unknown}
 m - 3 scrolls of blinking {unknown}
 p - 2 scrolls of magic mapping {unknown}
 r - 3 scrolls of amnesia {unknown}
 s - 3 scrolls of remove curse {unknown}
 u - 3 scrolls of teleportation {unknown}
 v - 2 scrolls of immolation {unknown}
 w - 3 scrolls of identify {unknown}
Potions
 d - 5 potions of curing {unknown}
 g - 3 potions of cancellation {unknown}
 l - a potion of brilliance {unknown}
 n - 2 potions of cure mutation {unknown}
 o - 3 potions of degeneration {unknown}
 q - 2 potions of invisibility {unknown}
 x - a potion of haste {unknown}
 z - a potion of heal wounds {unknown}
 A - a potion of lignification {unknown}
 B - a potion of flight {unknown}
Comestibles
 c - 5 meat rations
 t - a beef jerky


   Skills:
 + Level 6.9 Fighting
 + Level 6.8 Maces & Flails
 - Level 4.0 Armour
 - Level 2.4 Dodging


You had 7 spell levels left.
You didn't know any spells.

Dungeon Overview and Level Annotations

Branches:
Dungeon (6/15)             Temple (0/1) D:4

Altars:
Elyvilon
Kikubaaqudgha
Nemelex Xobeh
Ru
Yredelemnul
The Shining One

Shops:
D:4 :

Annotations:
D:4 1 runed door


Innate Abilities, Weirdness & Mutations

You are small and have problems with some larger weapons.
You are carnivorous and can eat meat at any time.


Message History

* * * LOW HITPOINT WARNING * * *
A red film seems to cover your vision as you go berserk!
You feel yourself moving faster!
You feel mighty!
The orc priest hits you with a hand axe of freezing.
* * * LOW HITPOINT WARNING * * *
The orc priest freezes you.
* * * LOW HITPOINT WARNING * * *
The orc warrior misses you.
You closely miss the orc warrior.
The orc priest invokes the aid of Beogh against you.
Beogh smites you!
* * * LOW HITPOINT WARNING * * *
You closely miss the orc warrior. The orc warrior barely misses you.
You barely miss the orc priest.
The orc priest is severely wounded.
The orc priest hits you but does no damage.
You hit the orc priest.
The orc priest is almost dead.
The orc warrior hits you with a battleaxe!
You die...

#.#...................#
#.#.#####.............# ##...
#.#.....#.#####.......# #....#
#.#.##.##.# #........## ....#
#.#.....#.####...##....# ....#
#.#..#..#.##.....##....# #.#.#
#.#<.#..#.##...####....# #.#.#
#.......#.##..o####....####.#.#
###...........@o....%...).)....
#.#...#.##...####....####....
#.##.##.##.^.# #....# ###.. #..
..#.##...# ###########[.
####### ###.###### ..........
......# #.# ########..
.####.#####.# #.. .# #.......#
### .############


You could see an orc warrior and an orc priest.

Vanquished Creatures
  The ghost of bworf the Chopper, an amateur DgGl (D:5)
  Duvessa (D:6)
  2 ice beasts
  An ogre (D:4)
  Dowan (D:6)
  A scorpion (D:5)
  A crimson imp (D:5)
  2 jellies
  A hound (D:5)
  An orc wizard (D:3)
  Ijyb (D:2)
  3 worker ants
  A hound skeleton (D:5)
  A howler monkey zombie (D:5)
  Robin (D:2)
  4 gnolls (D:5)
  9 adders
  A shadow imp (D:5)
  3 worms
  A dart slug (D:1)
  7 leopard geckos
  4 orcs
  6 giant cockroaches
  13 goblins
  6 hobgoblins
  8 jackals
  8 kobolds
  2 quokkas
  2 ball pythons
  8 bats
  2 frilled lizards
  A jackal skeleton (D:5)
  9 rats
113 creatures vanquished.

Notes
Turn   | Place    | Note
-------+----------+-------------------------------------------
     0 | D:1      | Kloppie the Kobold Berserker began the quest for the Orb.
     0 | D:1      | Reached XP level 1. HP: 14/14 MP: 1/1
    68 | D:1      | Reached XP level 2. HP: 17/19 MP: 2/2
   439 | D:1      | Reached XP level 3. HP: 24/24 MP: 3/3
   641 | D:2      | Found a sparkling altar of Nemelex Xobeh.
  1012 | D:2      | Reached ** piety under Trog
  1013 | D:2      | Reached XP level 4. HP: 16/29 MP: 4/4
  1075 | D:2      | Noticed Ijyb
  1104 | D:2      | Killed Ijyb
  1317 | D:2      | Noticed Robin
  1342 | D:2      | Killed Robin
  1342 | D:2      | Reached XP level 5. HP: 22/33 MP: 5/5
  1582 | D:3      | Found an ancient bone altar of Kikubaaqudgha.
  1656 | D:3      | Found a sacrificial altar of Ru.
  1688 | D:3      | Found a faded altar of an unknown god.
  1728 | D:3      | Found a white marble altar of Elyvilon.
  2054 | D:3      | Reached *** piety under Trog
  2130 | D:3      | Found a basalt altar of Yredelemnul.
  2465 | D:3      | Reached XP level 6. HP: 34/38 MP: 6/6
  2544 | D:4      | Noticed an ogre
  2562 | D:4      | Killed an ogre
  3226 | D:4      | Found a staircase to the Ecumenical Temple.
  3243 | D:4      | Found a glowing golden altar of the Shining One.
  3259 | D:4      | Found Yjovosan's Book Shop.
  3477 | D:4      | Found a runed door.
  3527 | D:5      | Entered Level 5 of the Dungeon
  3557 | D:5      | Reached XP level 7. HP: 38/42 MP: 7/7
  3609 | D:5      | Reached skill level 5 in Maces & Flails
  3643 | D:5      | Noticed bworf's ghost (amateur DgGl)
  3944 | D:5      | Reached skill level 5 in Fighting
  4073 | D:5      | Killed bworf's ghost
  4073 | D:5      | Reached XP level 8. HP: 51/51 MP: 8/8
  4315 | D:6      | Noticed Duvessa
  4316 | D:6      | Noticed Dowan
  4327 | D:6      | Killed Duvessa
  4353 | D:6      | Killed Dowan
  4734 | D:6      | Mangled by an orc warrior

Skill      XL: |  1  2  3  4  5  6  7 |
---------------+----------------------+-----
Maces & Flails | 3 4 6 |  6.8
Armour         | 2 3 4 |  4.0
Fighting       | 6 |  6.9
Dodging        | |  2.4

Action                   |  1- 3 |  4- 6 |  7- 9 || total
-------------------------+-------+-------+-------++-------
Melee: Mace              |   101 |   268 |   154 ||   523
Invok: Berserk           |     1 |     4 |     7 ||    12
       Trog's Hand       |       |       |     1 ||     1
 Stab: Invisible         |       |     1 |       ||     1
  Eat: Chunk             |    10 |    12 |     6 ||    28
Armor: Animal skin       |     5 |       |       ||     5
       Scale mail        |    27 |   111 |    68 ||   206
Dodge: Dodged            |    97 |   225 |    99 ||   421
